 Dungeon Crawl Stone Soup version 0.31-a0-662-g684573625c (webtiles) character file.

Game seed: 11594999657103524316

102 ytrimaz the Insei (level 4, 0/28 HPs)
             Began as an Octopode Shapeshifter on Aug 31, 2023.
             Slain by a gnoll
             ... wielding a +0 flail
              (10 damage)
             ... on level 3 of the Dungeon.
             The game lasted 00:01:55 (1872 turns).

ytrimaz the Insei (Octopode Shapeshifter)           Turns: 1872, Time: 00:01:56

Health: 0/28       AC:  1    Str: 13    XL:     4   Next: 78%
Magic:  4/4        EV: 13    Int: 12    God:
Gold:   112        SH:  0    Dex: 13    Spells: 3/3 levels left

rFire   . .          .
                       - Unarmed
rCold   . . .        (no shield)
rNeg    . . .        (helmet currently unavailable)
rPois   .            (no amulet)
rElec   .            (no ring)
rCorr   .            (no ring)
SInv    .            (no ring)
Will    .....        (no ring)
Stlth   +++          (no ring)
HPRegen 0.24/turn    (no ring)
MPRegen 0.09/turn    (no ring)
                     (no ring)

%: no passive effects
@: beast-form
A: beast (slay +2), almost no armour, amphibious, 8 rings, camouflage 1,
gelatinous body 1, (nimble swimmer 1), tentacles
a: Begin Untransformation


You were on level 3 of the Dungeon.
You were a hulking beast.
You visited 1 branch of the dungeon, and saw 3 of its levels.

You collected 112 gold pieces.


Innate Abilities, Weirdness & Mutations

You are a hulking beast.
Your limbs bulge with bestial killing power. (Slay +2)
You cannot wear most types of armour.
You are amphibious.
You can wear up to eight rings at the same time.
Your skin changes colour to match your surroundings (Stealth+).
Your rubbery body absorbs attacks. (AC +1, EV +1)
((You are camouflaged when in or above water. (Stealth+)))
You have tentacles for arms and can constrict up to eight enemies at once.


   Skills:
 - Level 1.0 Fighting
 - Level 2.0 Dodging
 + Level 1.6 Stealth
 + Level 4.2 Unarmed Combat
 + Level 4.0 Shapeshifting


You had 3 spell levels left.
You didn't know any spells.
Your spell library contained the following spells:

 Spells                   Type           Power      Damage    Failure   Level
 Necrotise                Necr           0%         1d4       32%         1
 Vampiric Draining        Necr           0%         2d6       69%         3
 Agony                    Necr           0%         N/A       100%        5

Inventory:

Talismans
 b - a beast talisman (active)
 c - a flux talisman
Scrolls
 e - 2 scrolls of teleportation {unknown}
 f - a scroll of vulnerability {unknown}
 g - a scroll of poison {unknown}
 i - a scroll of brand weapon {unknown}
 j - 2 scrolls of revelation {unknown}
 l - 2 scrolls of fog {unknown}
Potions
 a - 2 potions of lignification
 d - 2 potions of enlightenment {unknown}
 h - a potion of heal wounds {unknown}
 k - a potion of attraction {unknown}

Dungeon Overview and Level Annotations

Branches:
Dungeon (3/15) Zot: 16134

Altars:

#.....##.#
#.....#...
#.##### #.#
#.# #.#
##.#
♣..#####..#
....gggh.##
...#######


You could see 3 gnolls.


Message History

You now have 102 gold pieces (gained 11).
You now have 112 gold pieces (gained 10).
Key pressed, stopping explore.
Found an escape hatch in the floor.
There is an escape hatch in the floor here.
Found a stone staircase leading down.
An adder comes into view.
The adder hisses angrily.
An adder is nearby!
An adder is nearby!
An adder is nearby!
An adder is nearby!
You tentacle-slap the adder. You grab the adder. You constrict the adder.
The adder barely misses you.
You tentacle-slap the adder. You squeeze the adder.
You kill the adder!
Your Shapeshifting skill increases to level 4!
Unknown command.
No target in view!
No target in view!
Found a stone staircase leading up.
Key pressed, stopping explore.
A goblin comes into view.
It is wielding a +2 dagger of holy wrath.
A goblin is nearby!
A goblin is nearby!
A goblin is nearby!
A goblin is nearby!
The goblin hits you with a +2 dagger of holy wrath. 😕 HP[-3]
You take 3 damage, and now have 25/28 hp.
You closely miss the goblin. Your grab misses the goblin.
The goblin completely misses you.
Unknown command.
You bludgeon the goblin!
You kill the goblin!
No target in view!
Things that are here:
a +2 dagger of holy wrath; a +0 sling; 😕 HP[+1] No target in view!
Unknown command.
Key pressed, stopping explore.
No target in view! 😎 HP[+2]
Your hp is fully restored (28).
l - a scroll labelled WYF CE KUAJU A ball python comes into view.
A ball python is nearby!
A ball python is nearby!
The ball python hisses angrily.
A ball python is nearby!
The ball python bites you but does no damage.
The ball python closely misses you.
You tentacle-slap the ball python.
You kill the ball python!
No target in view!
No target in view!
Unknown command.
Key pressed, stopping explore.
No target in view!
l - 2 scrolls labelled WYF CE KUAJU (gained 1) Key pressed, stopping explore.
A bat comes into view.
A bat is nearby!
The bat barely misses you.
A bat is nearby!
A bat is nearby!
You barely miss the bat. Your grab misses the bat. You squeeze the bat.
You kill the bat!
Key pressed, stopping explore.
No target in view!
No target in view!
A gnoll comes into view. It is wielding a +0 flail.
A gnoll is nearby!
A gnoll is nearby! 3 gnolls come into view.
A gnoll is wielding a +0 whip.
There are monsters nearby!
The helpless gnoll fails to defend itself.
You bludgeon the gnoll! Your grab misses the gnoll.
The gnoll shouts! x3
The gnoll barely misses you.
You closely miss the gnoll. You grab the gnoll.
You constrict the gnoll, but do no damage.
The gnoll hits you with a +0 flail! 😮 HP[-11]
You take 11 damage, and now have 17/28 hp.
MASSIVE DAMAGE!! (PAUSE)
You are too injured to fight recklessly!
You tentacle-slap the gnoll.
You kill the gnoll!
Unknown command.
You tentacle-slap the gnoll. You grab the gnoll. Your squeeze misses the gnoll.
You constrict the gnoll. The gnoll hits you with a +0 flail!
* * * LOW HITPOINT WARNING * * *
😨 HP[-7]
You take 7 damage, and now have 10/28 hp.
MASSIVE DAMAGE!! (PAUSE)
You tentacle-slap the gnoll.
You constrict the gnoll, but do no damage.
The gnoll hits you with a +0 flail!
You die...

Skill      XL: |  1  2  3  4 |
---------------+-------------+-----
Unarmed Combat | 4 |  4.2
Stealth        | 1 |  1.6
Shapeshifting  | 4 |  4.0
Fighting       | |  1.0
Dodging        | |  2.0

Action                     |  1- 3 |  4- 6 || total
---------------------------+-------+-------++-------
  Melee: Unarmed           |    59 |    40 ||    99
         Constrict         |    14 |     9 ||    23
         Tentacles         |    12 |     7 ||    19
         Punch             |     1 |     2 ||     3
   Stab: Sleeping          |     6 |     2 ||     8
 Armour: Skin              |    17 |    12 ||    29
  Dodge: Dodged            |    46 |    23 ||    69

Levels and vault maps discovered:
D:1:      evilmike_arrival_rings, layout_basic
D:2:      layout_rooms
D:3:      layout_basic, mainiacjoe_overflow_large_starburst, uniq_sigmund

Notes
Turn   | Place    | Note
-------+----------+-------------------------------------------
     0 | D:1      | ytrimaz the Octopode Shapeshifter began the quest for the
                  | Orb.
     0 | D:1      | Reached XP level 1. HP: 13/13 MP: 1/1
     0 | D:1      | magus.rc [v1.9.6]
   135 | D:1      | Reached XP level 2. HP: 18/18 MP: 2/2
   251 | D:1      | Reached XP level 3. HP: 19/23 MP: 3/3
   945 | D:2      | Identified the +9 mace of the Scavenger {holy, +Blink Int+3
                  | Stlth+}
  1149 | D:2      | Reached XP level 4. HP: 28/28 MP: 4/4
  1154 | D:2      | Reached skill level 4 in Unarmed Combat
  1310 | D:2      | You pick up a book of Necromancy and begin reading...
  1310 | D:2      | You add the spells Necrotise, Vampiric Draining and Agony
                  | to your library.
  1602 | D:3      | Reached skill level 1 in Stealth
  1712 | D:3      | Reached skill level 4 in Shapeshifting
  1872 | D:3      | Slain by a gnoll

Vanquished Creatures
  A gnoll (D:3)
  3 adders
  3 dart slugs (D:1)
  8 ball pythons
  4 bats
  2 endoplasms (D:1)
  3 giant cockroaches
  4 goblins
  7 hobgoblins
  4 jackals (D:2)
  4 quokkas
  4 frilled lizards
  5 kobolds
  2 rats (D:1)
54 creatures vanquished.

Table legend:
 A = Non-vault XP
 B = Vault XP
 C = Vault XP percentage of total XP
 D = Non-vault monster count
 E = Vault monster count
 F = Vault count percentage of total count
                 A         B        C        D         E       F
            +---------+---------+-------+---------+---------+-------
      Total |     147 |       0 |   0.0 |      54 |       0 |   0.0
            +---------+---------+-------+---------+---------+-------
        D:1 |      60 |       0 |   0.0 |      31 |       0 |   0.0
        D:2 |      37 |       0 |   0.0 |      15 |       0 |   0.0
        D:3 |      50 |       0 |   0.0 |       8 |       0 |   0.0
            +---------+---------+-------+---------+---------+-------

Skill      XL: |  1  2  3  4 |
---------------+-------------+-----
Unarmed Combat | 4 |  4.2
Stealth        | 1 |  1.6
Shapeshifting  | 4 |  4.0
Fighting       | |  1.0
Dodging        | |  2.0

Action                     |  1- 3 |  4- 6 || total
---------------------------+-------+-------++-------
  Melee: Unarmed           |    59 |    40 ||    99
         Constrict         |    14 |     9 ||    23
         Tentacles         |    12 |     7 ||    19
         Punch             |     1 |     2 ||     3
   Stab: Sleeping          |     6 |     2 ||     8
 Armour: Skin              |    17 |    12 ||    29
  Dodge: Dodged            |    46 |    23 ||    69

Illustrated notes

Table legend:
 A = Kills in this place as a percentage of kills in the entire game.
 B = Kills by you in this place as a percentage of kills by you in the entire game.
 C = Kills by friends in this place as a percentage of kills by friends in the entire game.
 D = Other kills in this place as a percentage of other kills in the entire game.
 E = Experience gained in this place as a percentage of experience gained in the entire game.
 F = Experience gained in this place divided by the number of levels of this place that you have seen.
                   A       B       C       D       E      F
               +-------+-------+-------+-------+-------+----------------------
         Total | 100.0 | 100.0 |   N/A |   N/A | 100.0 |  49.0
       Dungeon | 100.0 | 100.0 |   N/A |   N/A | 100.0 |  49.0
               +-------+-------+-------+-------+-------+----------------------

Table legend: (Time is in decaauts)
 A = Elapsed time spent in this place.
 B = Non-inter-level travel time spent in this place.
 C = Inter-level travel time spent in this place.
 D = Time resting spent in this place.
 E = Time spent auto-exploring this place.
 F = Levels seen in this place.
 G = Mean time per level.
                   A        B        C        D        E       F      G
               +--------+--------+--------+--------+--------+-----+--------+
         Total |   1864 |   1824 |     40 |      0 |   1469 |   3 |  621.3 |
       Dungeon |   1864 |   1824 |     40 |      0 |   1469 |   3 |  621.3 |
               +--------+--------+--------+--------+--------+-----+--------+

Top non-repeatable levels by time:
     D:1: 908 daAuts
     D:2: 569 daAuts
     D:3: 387 daAuts
